 Dungeon Crawl Stone Soup version 0.20.1-2-g1830e616b0 (webtiles) character file.

200 Alfie the Shooter (level 5, -4/45 HPs)
             Began as a Minotaur Hunter on Feb 11, 2020.
             Slain by an ice beast (7 damage)
             ... on level 5 of the Dungeon.
             The game lasted 00:08:13 (2625 turns).

Alfie the Shooter (Minotaur Hunter)                 Turns: 2625, Time: 00:08:14

Health: -4/45      AC:  3    Str: 18    XL:     5   Next: 49%
Magic:  4/4        EV: 17    Int:  8    God:
Gold:   173        SH:  0    Dex: 15    Spells: 4/4 levels left

rFire    . . .     SeeInvis .   b - +0 short sword
rCold    . . .     Gourm    .   (no shield)
rNeg     . . .     Faith    .   c - +0 leather armour
rPois    .         Spirit   .   (helmet restricted)
rElec    .         Reflect  .   (no cloak)
rCorr    .         Harm     .   (no gloves)
MR       .....                  (no boots)
Stlth    +++.......             (no amulet)
Regen    0.2/turn               (no ring)
MPRegen  0.1/turn               (no ring)

@: agile
A: retaliatory headbutt, horns 2
a: no special abilities


You were on level 5 of the Dungeon.
You were not hungry.

You visited 1 branch of the dungeon, and saw 5 of its levels.

You collected 173 gold pieces.

Inventory:

Hand Weapons
 a - a +1 shortbow
 b - a +0 short sword (weapon)
 n - a +0 blowgun
Missiles
 o - 12 poisoned needles
Armour
 c - a +0 leather armour (worn)
Jewellery
 e - an uncursed ring of resist corrosion {unknown}
 l - an uncursed ring of wizardry
Scrolls
 g - 2 scrolls of remove curse
 i - a scroll of identify
 p - 2 scrolls of fog {unknown}
 s - a scroll of enchant weapon {unknown}
 u - a scroll of teleportation
Potions
 k - a potion of invisibility {unknown}
 m - a potion of brilliance {unknown}
 q - a potion of agility
 r - 3 potions of curing {unknown}
 t - a potion of cancellation {unknown}
Comestibles
 f - 2 bread rations
 h - a meat ration
 j - 2 royal jellies


   Skills:
 + Level 3.2 Fighting
 + Level 0.4 Short Blades
 + Level 6.6 Bows
 + Level 2.1 Armour
 + Level 2.2 Dodging
 + Level 1.1 Stealth


You had 4 spell levels left.
You didn't know any spells.

Dungeon Overview and Level Annotations

Branches:
Dungeon (5/15)             Temple (0/1) D:4

Altars:
Gozag
Nemelex Xobeh
Qazlal


Innate Abilities, Weirdness & Mutations

You reflexively headbutt those who attack you in melee.
You have a pair of horns on your head.


Message History

The ice beast closely misses you. The ice beast hits you.
* * * LOW HITPOINT WARNING * * *
The ice beast freezes you.
* * * LOW HITPOINT WARNING * * *
You hit the ice beast but do no damage.
The ice beast is lightly wounded.
The ice beast barely misses you. You furiously retaliate!
You headbutt the ice beast, but do no damage.
You closely miss the ice beast. Your headbutt misses the ice beast.
The ice beast is lightly wounded.
The ice beast barely misses you.
You hit the ice beast. Your headbutt misses the ice beast.
The ice beast is moderately wounded.
The ice beast barely misses you.
It was a potion of agility.
You feel agile all of a sudden. The ice beast hits you.
* * * LOW HITPOINT WARNING * * *
The ice beast freezes you!
You die...

..............#######
....##...##...##....##
.... #...##..........#
### #...#######.....#
#...##.>.##.....#
+...+....##....##
######...##'#####.
#...##.>...........
#....Y@............
#...................
#((..##...##...#####
##.. ########## #. +


You could see an ice beast.

Vanquished Creatures
  A howler monkey (D:4)
  4 gnolls (D:4)
  5 adders
  2 worms
  2 adder skeletons (D:4)
  3 leopard geckos
  2 orcs (D:3)
  6 bats
  A giant cockroach (D:2)
  9 goblins
  7 hobgoblins
  6 quokkas
  6 frilled lizards (D:2)
  6 kobolds
  A quokka skeleton (D:4)
  8 rats
69 creatures vanquished.

Notes
Turn   | Place    | Note
-------+----------+-------------------------------------------
     0 | D:1      | Alfie the Minotaur Hunter began the quest for the Orb.
     0 | D:1      | Reached XP level 1. HP: 18/18 MP: 0/0
   118 | D:1      | Reached XP level 2. HP: 22/25 MP: 1/1
   297 | D:1      | Reached skill level 5 in Bows
   554 | D:2      | Reached XP level 3. HP: 30/30 MP: 2/2
   631 | D:2      | Found an opulent altar of Gozag.
  1105 | D:2      | Reached skill level 1 in Armour
  1248 | D:3      | Reached XP level 4. HP: 37/37 MP: 3/3
  1368 | D:3      | Reached skill level 6 in Bows
  1604 | D:3      | Found a sparkling altar of Nemelex Xobeh.
  1871 | D:4      | Found a stormy altar of Qazlal.
  1987 | D:4      | Reached skill level 1 in Stealth
  1987 | D:4      | Reached XP level 5. HP: 30/45 MP: 4/4
  2318 | D:4      | Found a staircase to the Ecumenical Temple.
  2579 | D:5      | Entered Level 5 of the Dungeon
  2611 | D:5      | Noticed an ice beast
  2625 | D:5      | Slain by an ice beast

Skill      XL: |  1  2  3  4  5 |
---------------+----------------+-----
Bows           | 5 6 |  6.6
Armour         | 1 2 |  2.1
Fighting       | 3 |  3.2
Stealth        | 1 |  1.1
Short Blades   | |  0.4
Dodging        | |  2.2

Action                   |  1- 3 |  4- 6 || total
-------------------------+-------+-------++-------
Melee: Short sword       |     2 |    32 ||    34
       Headbutt          |       |     3 ||     3
 Fire: Shortbow          |   100 |    50 ||   150
       Blowgun           |       |     4 ||     4
  Use: Scroll            |       |     3 ||     3
       Potion            |       |     1 ||     1
  Eat: Bread ration      |     1 |       ||     1
       Royal jelly       |       |     1 ||     1
Armor: Leather armour    |     3 |     7 ||    10
Dodge: Dodged            |    11 |    35 ||    46
